 Dungeon Crawl Stone Soup version 0.19.4-8-ga85b6b9 (webtiles) character file.

22212 Gargoyl the Cleaver (level 12, -5/100 HPs)
             Began as a Ghoul Abyssal Knight on Feb 14, 2017.
             Was a High Priest of Lugonu.
             Killed from afar by an oklob plant (10 damage)
             ... with a splash of acid
             ... on level 2 of the Lair of Beasts on Feb 15, 2017.
             The game lasted 00:37:40 (14598 turns).

Gargoyl the Cleaver (Ghoul Abyssal Knight)         Turns: 14598, Time: 00:37:41

Health: -5/100     AC:  6    Str: 25    XL:     12   Next: 98%
Magic:  10/18      EV:  7    Int: 11    God:    Lugonu [*****.]
Gold:   246        SH: 25    Dex: 11    Spells: 0 memorised, 11 levels left

rFire  . . .     SeeInvis +     I - +0 broad axe
rCold  + + .     Gourm    .     x - +2 chain mail {MR+}
rNeg   + + +     Faith    .     A - +7 large shield "Nujielari" {Int+4}
rPois  ∞         Spirit   .     (no helmet)
rElec  .         Reflect  .     h - +2 cloak
rCorr  .         Harm     .     O - +0 pair of gloves "Geucwat" {Regen+ Str+7}
MR     +....                    (no boots)
Stlth  ..........               P - amulet of magic regeneration
                                a - ring of protection from cold
                                q - ring of see invisible

@: corroded, rotting
A: rotting body, claws 1, carnivore 3, cold resistance 1, negative energy
resistance 3, slow regeneration 1, torment resistance, unbreathing
a: Depart the Abyss, Bend Space, Banish, Corrupt, Enter the Abyss, Renounce
Religion


You were on level 2 of the Lair of Beasts.
You worshipped Lugonu.
Lugonu was extremely pleased with you.
You were not hungry.

You visited 2 branches of the dungeon, and saw 13 of its levels.
You visited the Abyss 1 time.

You collected 741 gold pieces.
You spent 495 gold pieces at shops.

Inventory:

Hand Weapons
 i - a +2 hand axe of flaming
 y - a +2 war axe
 I - a +0 broad axe (weapon)
Missiles
 z - 20 tomahawks (quivered)
 C - 14 javelins
Armour
 h - a +2 cloak (worn)
 x - a +2 chain mail of magic resistance (worn)
 A - the +7 large shield "Nujielari" (worn) {Int+4}
   (You bought it in a shop on level 4 of the Dungeon)

   It affects your intelligence (+4).
 D - a +0 pair of gloves of dexterity
 O - the +0 pair of gloves "Geucwat" (worn) {Regen+ Str+7}
   (You bought it in a shop on level 5 of the Dungeon)

   It affects your strength (+7).
   It increases your rate of regeneration.
Jewellery
 a - a ring of protection from cold (right hand)
 q - a ring of see invisible (left hand)
 t - an uncursed ring of flight
 P - an amulet of magic regeneration (around neck)
Wands
 o - a wand of iceblast (0/15)
 r - a wand of digging (7/24)
 s - a wand of digging (11/24)
 w - a wand of confusion (19/48)
 E - a wand of digging (10/24)
 F - a wand of slowing (19/48)
 M - a wand of teleportation (1/9)
Scrolls
 b - 7 scrolls of remove curse
 d - a scroll of blinking
 j - 2 scrolls of recharging
 u - 2 scrolls of fear
 J - a scroll of magic mapping
 L - a scroll of amnesia
Potions
 e - 4 potions of curing
 f - a potion of heal wounds
 g - 2 potions of brilliance
 l - 2 potions of invisibility
 n - a potion of haste
 p - a potion of might
 v - a potion of berserk rage {unknown}
 G - 4 potions of agility
Books
 B - a book of Maledictions

   Spells                             Type                      Level
   a - Corona                         Hexes                        1
   b - Ensorcelled Hibernation        Hexes/Ice                    2
   c - Confuse                        Hexes                        3
   d - Tukima's Dance                 Hexes                        3
   e - Dazzling Spray                 Conjuration/Hexes            3
Comestibles
 c - 10 meat rations
 k - a beef jerky
 m - 5 chunks of flesh
 K - 10 slices of pizza


   Skills:
 + Level 7.4 Fighting
 + Level 10.4 Axes
 * Level 8.8 Armour
 + Level 3.4 Dodging
 + Level 9.8 Shields
 * Level 10.2 Invocations


You had 11 spell levels left.
You didn't know any spells.

Dungeon Overview and Level Annotations

Branches:
Dungeon (11/15)            Temple (0/1) D:4            Lair (2/6) D:11
    Orc (0/2) D:10
  Swamp: Lair:2-4    Shoals: Lair:2-4     Snake: Lair:2-4    Spider: Lair:2-4

Altars:
Hepliaklqana
Okawaru
Sif Muna
Xom

Shops:
D:4 !**[[   D:5 [

Annotations:
Lair:2 exclusion: oklob plant


Innate Abilities, Weirdness & Mutations

Your body is rotting away.
You thrive on raw meat.
You are immune to poison.
You have sharp fingernails.
You are carnivorous and can eat meat at any time.
Your flesh is cold resistant. (rC+)
You are immune to negative energy. (rN+++)
You regenerate slowly when monsters are visible.
You are immune to unholy pain and torment.
You can survive without breathing.


Message History

Press: ? - help, Shift-Dir - straight line, f - oklob plant
Aim: an oklob plant (moderately damaged, chance to defeat MR: 74%)
The oklob plant is devoured by a tear in reality.
Lugonu claims a new guest.
You feel somewhat more hungry. The oklob plant spits acid at you.
The splash of acid hits you! The acid corrodes you!
You are splashed with acid!
The acid burns!
* * * LOW HITPOINT WARNING * * *
Press: ? - help, Shift-Dir - straight line, f - oklob plant
Aim: an oklob plant (chance to defeat MR: 74%)
The oklob plant struggles to resist.
You feel somewhat more hungry. The oklob plant spits acid at you.
The splash of acid hits you!
* * * LOW HITPOINT WARNING * * *
You are splashed with acid!
The acid burns!
* * * LOW HITPOINT WARNING * * *
The oklob plant spits acid at you. The splash of acid hits you!
You die...

......P# ......# #.....#
P.....# # #.....# ###
P### #.....#####
#PP###P.P##
#.....#P.P######.§P..P...
...######.....###§....P.P
...##P#.P.PP..PP@.PP.PPPP
..##P.P..P..P.PP.P....###
..#.....P.PP.P...P..###
......PP.##..P####P.P#
.......)PP###.P# ####
..#######################
#.....# ##.............#
#.....# #..#...........#
#.....# ######.........#


You could see an oklob plant.

Vanquished Creatures
  Erolcha (D:10)
  The ghost of maxonian the Skirmisher, a novice NaFi of Cheibriados (D:7)
  An unseen horror (D:10)
  3 hill giants
  The ghost of Jynx the Slasher, a novice MiFi (D:5)
  2 ugly things
  Maurice (D:9)
  4 spiny frogs
  A rime drake (Lair:1)
  3 komodo dragons
  2 kobold demonologists
  2 trolls
  A two-headed ogre (D:8)
  2 dream sheep (D:8)
  A hippogriff (Lair:1)
  32 yaks
  2 hungry ghosts
  Edmund (D:5)
  A soldier ant (D:8)
  2 water moccasins
  A porcupine (Lair:1)
  4 ice beasts
  2 orc warriors
  2 phantoms
  5 sky beasts
  3 black bears
  A necrophage (D:10)
  2 centaurs
  4 ogres
  5 crocodiles
  5 big kobolds
  8 bullfrogs
  2 gnoll sergeants
  3 scorpions
  A water moccasin skeleton (D:10)
  8 wights
  9 killer bees
  2 howler monkeys
  An electric eel (D:10)
  8 crimson imps
  A bullfrog zombie (D:5)
  A bullfrog skeleton (D:6)
  7 hounds
  3 jellies
  7 orc priests
  9 orc wizards
  3 iguanas
  10 worker ants
  A killer bee zombie (D:10)
  4 hound zombies
  3 hound skeletons
  A howler monkey zombie (D:10)
  2 worker ant zombies
  22 gnolls
  13 adders
  4 shadow imps
  An adder zombie (D:8)
  2 adder skeletons
  2 worms
  2 dart slugs (D:1)
  4 leopard geckos
  43 orcs
  7 giant cockroaches
  5 goblins
  10 hobgoblins
  10 jackals
  14 kobolds
  2 quokkas
  2 ball pythons
  A ball python skeleton (D:4)
  8 bats
  6 frilled lizards
  A jackal skeleton (D:4)
  A quokka skeleton (D:6)
  A quokka zombie (D:7)
  6 rats
  4 fungi (D:11)
  4 plants (D:11)
367 creatures vanquished.

Vanquished Creatures (others)
  A hydra (D:8)
  A hill giant (D:9)
  2 oklob plants (Lair:2)
  2 trolls
  An orc warrior (D:8)
  A jelly (D:8)
  2 crimson imps
  3 plants
13 creatures vanquished.

Grand Total: 380 creatures vanquished

Notes
Turn   | Place    | Note
-------+----------+-------------------------------------------
     0 | Abyss:1  | Gargoyl the Ghoul Abyssal Knight began the quest for the Orb.
     0 | Abyss:1  | Reached XP level 1. HP: 19/19 MP: 1/1
     7 | Abyss:1  | Found a corrupted altar of Lugonu.
    41 | Abyss:2  | Noticed a golden eye
    41 | D:1      | Escaped the Abyss
    86 | D:1      | Reached * piety under Lugonu
   129 | D:1      | Reached XP level 2. HP: 12/26 MP: 2/2
   555 | D:1      | Reached XP level 3. HP: 24/31 MP: 3/3
  1744 | D:3      | Found a deep blue altar of Sif Muna.
  1867 | D:3      | Reached ** piety under Lugonu
  2098 | D:3      | Reached XP level 4. HP: 34/39 MP: 4/4
  2489 | D:4      | Found Faloen's Assorted Antiques.
  2553 | D:4      | Found Silarad's General Store.
  2643 | D:4      | Found Goceos's Distillery.
  2759 | D:4      | Reached skill level 1 in Shields
  2778 | D:4      | Reached XP level 5. HP: 45/46 MP: 6/6
  2921 | D:3      | Reached skill level 1 in Dodging
  3083 | D:4      | Reached XP level 6. HP: 31/52 MP: 7/7
  3137 | D:4      | Found Fin Ollo's Armour Boutique.
  3388 | D:4      | Found Kiomaf's Armour Shoppe.
  3457 | D:4      | Found a staircase to the Ecumenical Temple.
  3653 | D:5      | Entered Level 5 of the Dungeon
  3691 | D:5      | Noticed Jynx's ghost (novice MiFi)
  3729 | D:4      | Bought a transparent large shield for 171 gold pieces
  3739 | D:4      | Identified the +7 large shield "Nujielari" {Int+4} (You bought it in a shop on level 4 of the Dungeon)
  4022 | D:6      | Reached XP level 7. HP: 44/59 MP: 9/9
  4343 | D:6      | Reached *** piety under Lugonu
  4729 | D:6      | Reached XP level 8. HP: 43/67 MP: 10/10
  5343 | D:5      | Found an iron altar of Okawaru.
  5345 | D:5      | Noticed Edmund
  5399 | D:5      | Killed Edmund
  5399 | D:5      | Reached skill level 5 in Invocations
  5401 | D:5      | Found a hazy altar of Hepliaklqana.
  5414 | D:5      | Found a shimmering altar of Xom.
  5519 | D:5      | Killed Jynx's ghost
  5519 | D:5      | Reached skill level 5 in Axes
  5519 | D:5      | Reached skill level 5 in Armour
  5806 | D:5      | Reached XP level 9. HP: 35/73 MP: 12/12
  6157 | D:5      | Found Niskual's Armour Shop.
  6853 | D:7      | Noticed maxonian's ghost (novice NaFi)
  6892 | D:7      | Killed maxonian's ghost
  6892 | D:7      | Reached skill level 5 in Fighting
  6892 | D:7      | Reached skill level 5 in Shields
  6931 | D:7      | Reached **** piety under Lugonu
  7267 | D:7      | Reached XP level 10. HP: 73/81 MP: 14/14
  7785 | D:8      | Found an iron altar of Okawaru.
  8385 | D:8      | Noticed a purple ugly thing
  8400 | D:8      | Killed a purple ugly thing
  8547 | D:8      | Noticed a two-headed hydra
  8562 | D:8      | Banished a three-headed hydra
  8591 | D:8      | Reached XP level 11. HP: 69/89 MP: 15/15
  9303 | D:9      | Noticed a hill giant
  9314 | D:9      | Banished a hill giant
  9544 | D:9      | Noticed Maurice
 10160 | D:9      | Killed Maurice
 10511 | D:5      | Bought the cursed +0 pair of gloves "Geucwat" {Regen+ Str+7} for 324 gold pieces
 10892 | D:10     | Entered Level 10 of the Dungeon
 10899 | D:10     | Noticed an unseen horror
 11220 | D:10     | Killed an unseen horror
 11424 | D:10     | Noticed Erolcha
 11448 | D:10     | Reached ***** piety under Lugonu
 11462 | D:10     | Killed Erolcha
 11617 | D:10     | Found a staircase to the Orcish Mines.
 11748 | D:10     | Noticed a hill giant
 11757 | D:10     | Killed a hill giant
 11757 | D:10     | Reached XP level 12. HP: 53/97 MP: 17/17
 12017 | D:11     | Noticed a soul eater
 12115 | D:11     | Found a staircase to the Lair.
 12952 | Lair:1   | Entered Level 1 of the Lair of Beasts
 13209 | Lair:1   | Reached skill level 10 in Axes
 13256 | Lair:1   | Reached skill level 10 in Invocations
 14597 | Lair:2   | HP: 4/100 [acid (12)]
 14598 | Lair:2   | Killed from afar by an oklob plant

Skill      XL: |  1  2  3  4  5  6  7  8  9 10 11 12 |
---------------+-------------------------------------+-----
Armour         | 2 3 4 5 6 7 8 |  8.8
Axes           | 2 3 4 5 6 7 9 10 | 10.4
Invocations    | 3 4 5 6 7 9 10 | 10.2
Shields        | 1 2 3 4 5 7 8 9 |  9.8
Dodging        | 1 2 3 |  3.4
Fighting       | 4 5 6 7 |  7.4

Action                   |  1- 3 |  4- 6 |  7- 9 | 10-12 || total
-------------------------+-------+-------+-------+-------++-------
Melee: Hand axe          |   137 |    97 |       |       ||   234
       War axe           |       |   167 |   604 |  1192 ||  1963
       Broad axe         |       |       |       |   195 ||   195
Invok: Depart the Abyss  |     1 |       |       |       ||     1
       Bend Space        |       |     1 |       |       ||     1
       Banish            |       |       |     1 |    10 ||    11
Evoke: Wand              |       |     2 |       |     1 ||     3
  Use: Scroll            |     5 |     1 |     7 |    12 ||    25
       Potion            |       |       |       |    14 ||    14
 Stab: Invisible         |       |       |       |     1 ||     1
  Eat: Chunk             |    22 |    21 |    39 |   139 ||   221
Armor: Leather armour    |    41 |    14 |       |       ||    55
       Chain mail        |       |   187 |   259 |   499 ||   945
       Ring mail         |       |     7 |       |       ||     7
Dodge: Dodged            |    40 |    43 |    41 |   203 ||   327
Block: Large shield      |    82 |   215 |   643 |  1822 ||  2762
